Map: Rzeźnia Disco ER

Players

Krystianer - Winner!

  • Race: Protoss Protoss
  • League: Grandmaster
  • Spawn Location: 9:00

Gabe

  • Race: Terran Terran
  • League: Grandmaster
  • Spawn Location: 3:00

VOD

Have the link to the VOD?

Description

Time

  • Played on: Nov. 12, 2019, 8:24 a.m.
  • Length: 25:52
Show
View Real Time Build Order
Export as new Build Order

Krystianer Protoss - Winner!

Build Orders: 1 Gate Expand, Phoenix Opening, Zealot Archon 

Get SALT Encoding   

  12  0:00  Probe  
  13  0:12  Probe  
  14  0:16  Pylon  
  14  0:24  Probe (Chrono Boost)  
  16  0:36  Probe (Chrono Boost)  
  16  0:38  Gateway  
  16  0:43  Probe (Chrono Boost)  
  16  0:45  Assimilator  
  17  0:51  Probe  
  18  1:03  Probe  
  19  1:15  Probe  
  20  1:22  Nexus  
  20  1:31  Cybernetics Core  
  20  1:35  Probe  
  21  1:40  Assimilator  
  22  1:47  Probe  
  22  1:50  Pylon  
  22  1:59  Probe  
  23  2:05  Adept (Chrono Boost)  
  25  2:11  Probe  
  26  2:16  Stargate  
  26  2:23  Probe  
  26  2:28  Adept  
  29  2:30  Warp Gate  
  29  2:34  Probe  
  29  2:35  Probe  
  30  2:46  Probe  
  30  2:47  Probe  
  32  2:58  Phoenix (Chrono Boost), Probe  
  32  2:59  Probe  
  32  3:05  Gateway  
  36  3:12  Probe  
  37  3:14  Phoenix (Chrono Boost)  
  37  3:15  Probe  
  40  3:23  Shield Battery  
  40  3:24  Probe  
  41  3:31  Phoenix (Chrono Boost)  
  43  3:37  Pylon, Probe  
  44  3:41  Probe  
  43  3:49  Probe  
  43  3:51  Phoenix (Chrono Boost)  
  46  3:55  Probe  
  46  4:01  Probe  
  48  4:06  Pylon  
  48  4:07  Phoenix (Chrono Boost)  
  50  4:13  Nexus  
  50  4:18  Adept  
  50  4:20  Adept  
  54  4:29  Probe (Chrono Boost)  
  53  4:34  Probe (Chrono Boost)  
  51  4:41  Probe (Chrono Boost)  
  55  4:48  Probe x2 (Chrono Boost)  
  55  4:51  Assimilator  
  54  4:55  Assimilator, Probe (Chrono Boost)  
  54  4:57  Gateway  
  54  4:58  Forge  
  54  4:59  Twilight Council, Probe (Chrono Boost)  
  56  5:03  Pylon  
  57  5:08  Probe (Chrono Boost)  
  57  5:10  Probe (Chrono Boost)  
  57  5:12  Probe (Chrono Boost)  
  59  5:20  Probe  
  58  5:24  Probe (Chrono Boost)  
  59  5:33  Probe (Chrono Boost)  
  62  5:37  Probe (Chrono Boost)  
  62  5:41  Probe (Chrono Boost)  
  62  5:42  Probe (Chrono Boost)  
  61  5:45  Gateway  
  61  5:46  Charge (Chrono Boost), Probe (Chrono Boost)  
  61  5:47  Gateway, Probe (Chrono Boost)  
  61  5:48  Gateway  
  61  5:49  Protoss Ground Armor Level 1 (Chrono Boost), Probe (Chrono Boost)  
  62  5:56  Robotics Facility  
  63  5:59  Probe (Chrono Boost)  
  63  6:02  Probe (Chrono Boost)  
  63  6:04  Probe (Chrono Boost)  
  65  6:07  Gateway  
  65  6:08  Gateway  
  67  6:14  Gateway, Sentry  
  67  6:16  Zealot x2  
  67  6:17  Probe x2  
  73  6:24  Probe  
  74  6:26  Pylon, Assimilator  
  74  6:28  Assimilator  
  74  6:29  Probe  
  74  6:31  Probe  
  76  6:36  Probe  
  76  6:37  Pylon  
  77  6:41  Probe  
  77  6:43  Warp Prism (Chrono Boost)  
  77  6:44  Templar Archives  
  80  6:47  Probe  
  80  6:48  Probe  
  80  6:51  Zealot x2  
  80  6:52  Zealot  
  88  6:55  Pylon  
  88  7:10  Zealot x6  
  88  7:12  Pylon  
  88  7:15  Pylon  
  100  7:20  High Templar x2  
  100  7:21  Adept  
  106  7:24  Archon  
  106  7:29  Robotics Bay  
  106  7:31  Pylon  
  106  7:44  Zealot, High Templar x4, Blink (Chrono Boost), Protoss Ground Weapons Level 1 (Chrono Boost)  
  106  7:45  Zealot x2  
  106  7:48  Pylon  
  106  7:49  Archon x2  
  120  8:00  Pylon  
  120  8:12  Zealot  
  120  8:13  Zealot x4  
  120  8:15  Colossus (Chrono Boost)  
  131  8:32  Extended Thermal Lance  
  130  8:37  Nexus  
  130  8:39  Pylon  
  130  8:51  Colossus (Chrono Boost)  
  130  8:52  Probe  
  130  8:55  High Templar, Robotics Facility  
  137  8:56  High Templar  
  137  8:57  Zealot x3, Stalker x3  
  137  8:58  Zealot  
  137  9:00  Pylon  
  137  9:02  Pylon  
  155  9:06  Probe x2  
  157  9:11  Pylon  
  155  9:26  High Templar x2  
  155  9:28  Zealot x4  
  155  9:29  Colossus (Chrono Boost)  
  173  9:32  Zealot  
  173  9:33  Zealot, Archon x2  
  177  9:39  Pylon  
  177  9:41  Pylon  
  177  9:43  Protoss Ground Armor Level 2 (Chrono Boost)  
  177  9:45  Disruptor (Chrono Boost)  
  178  10:04  Stalker x2  
  178  10:05  Stalker x3  
  188  10:10  Zealot x3  
  176  10:24  Zealot  
  146  10:29  Zealot x4  
  130  10:37  Colossus (Chrono Boost)  
  132  10:52  Stalker x8  
  148  11:01  Zealot  
  148  11:02  Disruptor (Chrono Boost)  
  156  11:06  Probe  
  156  11:07  Assimilator  
  154  11:11  Assimilator  
  154  11:13  Stargate  
  154  11:18  Fleet Beacon, Probe  
  155  11:22  Zealot x5  
  165  11:32  Disruptor x2 (Chrono Boost)  
  137  11:42  Zealot x5  
  143  11:52  Probe  
  132  12:00  Disruptor x2 (Chrono Boost)  
  130  12:02  Zealot x6  
  140  12:15  Zealot x3  
  121  12:23  Zealot x5  
  121  12:28  Disruptor (Chrono Boost)  
  118  12:31  Stalker  
  118  12:34  Colossus (Chrono Boost)  
  114  12:46  High Templar x3  
  114  12:47  High Templar, Zealot x4  
  130  12:52  Archon  
  130  12:53  Archon  
  130  12:59  Protoss Ground Weapons Level 2 (Chrono Boost)  
  130  13:11  Nexus  
  130  13:16  Stalker x5  
  130  13:19  Stalker  
  142  13:20  Stalker x2  
  142  13:22  Stalker  
  128  13:40  Zealot  
  128  13:41  Zealot x4  
  115  13:45  Colossus (Chrono Boost)  
  115  13:46  Zealot x4  
  86  14:14  High Templar x4, Zealot  
  86  14:15  Zealot x4  
  108  14:19  Archon x2  
  108  14:31  Immortal x2 (Chrono Boost)  
  108  14:36  High Templar x3  
  108  14:37  High Templar  
  118  14:38  Zealot  
  118  14:43  Archon x2  
  120  14:47  Gateway, Stalker x2  
  120  14:48  Stalker  
  120  14:49  Stalker  
  128  14:59  Immortal x2 (Chrono Boost)  
  136  15:15  Zealot x6  
  136  15:16  Zealot x3  
  148  15:28  Colossus (Chrono Boost)  
  148  15:30  Psionic Storm  
  157  15:42  High Templar  
  157  15:43  High Templar x2, Disruptor (Chrono Boost), Probe x2  
  157  15:45  Assimilator  
  157  15:49  Assimilator  
  165  15:54  Stalker x2  
  165  15:55  Stalker x3  
  165  15:56  Zealot  
  177  16:07  Disruptor (Chrono Boost)  
  170  16:16  Zealot x4  
  170  16:17  Zealot x3  
  150  16:27  Zealot  
  150  16:28  Zealot x2, Disruptor (Chrono Boost)  
  126  16:36  Disruptor (Chrono Boost)  
  98  16:48  Stalker x3  
  98  16:49  Stalker x3  
  98  16:50  Archon  
  110  16:59  Zealot x4  
  110  17:00  Protoss Ground Weapons Level 3 (Chrono Boost)  
  118  17:05  Disruptor (Chrono Boost)  
  121  17:10  Disruptor (Chrono Boost)  
  124  17:35  High Templar x4  
  132  17:41  Nexus, Stalker  
  132  17:42  Stalker x2  
  138  17:46  Probe x3  
  138  17:49  Immortal (Chrono Boost)  
  145  17:59  Zealot x3  
  151  18:07  Stalker x3  
  156  18:18  Stalker x3  
  162  18:22  Zealot x2  
  164  18:41  Stalker x5  
  164  18:42  Stalker x2  
  171  18:57  Stalker x3  
  169  19:05  Zealot, Stalker  
  169  19:06  Zealot x2  
  145  19:21  Disruptor (Chrono Boost)  
  145  19:22  Disruptor (Chrono Boost)  
  145  19:30  High Templar x6, Zealot  
  145  19:31  Zealot x3  
  171  19:32  Probe  
  171  19:33  Probe  
  173  19:40  Archon x3  
  173  19:49  Disruptor x2 (Chrono Boost)  
  173  19:50  Archon  
  179  20:06  Assimilator  
  179  20:11  Assimilator  
  179  20:12  Zealot  
  179  20:13  Zealot x6  
  193  20:15  Disruptor x2 (Chrono Boost)  
  197  20:38  Stalker  
  199  20:47  Disruptor (Chrono Boost)  
  134  20:58  Disruptor (Chrono Boost)  
  134  21:01  Zealot x6  
  134  21:02  Zealot x4  
  143  21:10  Protoss Ground Armor Level 3 (Chrono Boost)  
  141  21:16  Disruptor (Chrono Boost)  
  144  21:21  Disruptor (Chrono Boost)  
  147  21:26  Stalker x5  
  147  21:32  Zealot x5  
  146  21:40  Disruptor (Chrono Boost)  
  149  21:47  Disruptor (Chrono Boost)  
  148  21:56  Stalker x6  
  160  22:05  Probe  
  155  22:12  Colossus (Chrono Boost)  
  155  22:14  Nexus  
  155  22:23  Stalker  
  155  22:24  Stalker x2  
  155  22:26  Zealot x4  
  150  22:53  Zealot x6  
  162  23:14  Dark Shrine  
  162  23:17  Probe x2  
  151  23:29  Stalker x7  
  163  23:42  Zealot  
  163  23:43  Zealot x2  
  167  23:54  Probe x3  
  167  23:55  Protoss Shields Level 1 (Chrono Boost)  
  170  24:08  Disruptor (Chrono Boost)  
  162  24:26  Observer (Chrono Boost)  
  162  24:27  Stalker  
  162  24:28  Dark Templar x2, Stalker x2  
  162  24:31  Dark Templar x2  
  172  24:33  Zealot x2  
  172  24:34  Zealot  
  172  24:36  Observer (Chrono Boost)  
  181  24:44  Observer  
  182  24:51  Assimilator  
  180  25:01  Stalker x3  
  184  25:08  Probe  
  144  25:26  Zealot x3  
  144  25:27  Zealot x7  
Show
View Real Time Build Order
Export as new Build Order

Gabe Terran 

Build Orders:  

Get SALT Encoding   

  12  0:00  SCV  
  13  0:13  SCV  
  14  0:17  Supply Depot  
  14  0:25  SCV  
  15  0:38  SCV  
  15  0:40  Barracks  
  16  0:43  Refinery  
  16  0:50  SCV  
  17  1:03  SCV  
  18  1:15  SCV  
  19  1:27  Marine, Orbital Command  
  20  1:43  Command Center  
  20  1:51  Factory  
  20  1:53  SCV  
  21  2:03  Supply Depot  
  21  2:05  SCV  
  22  2:08  Refinery  
  22  2:10  Barracks Tech Lab  
  22  2:17  SCV  
  23  2:29  SCV  
  24  2:31  Marauder  
  24  2:35  Hellion  
  28  2:39  Starport  
  28  2:41  SCV  
  29  2:53  SCV  
  29  2:55  Marauder  
  29  2:56  Hellion  
  34  3:01  Orbital Command  
  34  3:07  SCV  
  35  3:14  Concussive Shells  
  35  3:16  Marauder  
  35  3:17  Medivac  
  39  3:22  Hellion  
  39  3:25  SCV  
  42  3:29  SCV  
  42  3:31  Supply Depot  
  43  3:38  SCV  
  44  3:50  SCV  
  44  3:52  Factory Reactor  
  44  3:53  Viking  
  47  3:58  SCV  
  47  3:59  Supply Depot  
  48  4:03  SCV  
  48  4:06  Barracks Reactor  
  49  4:10  SCV  
  49  4:15  SCV  
  49  4:16  Cyclone  
  54  4:22  SCV  
  55  4:27  SCV  
  52  4:32  Viking  
  52  4:34  SCV  
  49  4:39  SCV  
  49  4:40  Command Center  
  49  4:43  Marine x2  
  49  4:46  SCV  
  49  4:48  Cyclone, Supply Depot  
  49  4:51  SCV  
  54  4:58  SCV  
  55  5:00  Marine x2  
  55  5:02  Barracks  
  55  5:03  SCV, Barracks  
  58  5:10  SCV  
  56  5:15  SCV  
  56  5:18  Marine x2  
  56  5:21  Cyclone  
  57  5:22  SCV  
  57  5:27  SCV  
  55  5:34  SCV  
  56  5:36  Marine x2  
  56  5:39  SCV  
  55  5:46  SCV, Viking  
  58  5:51  SCV, Command Center  
  58  5:52  Orbital Command  
  58  5:54  Marine x2, Barracks Tech Lab  
  61  5:58  SCV  
  61  6:03  Engineering Bay  
  61  6:04  Engineering Bay, SCV  
  63  6:08  Stimpack, Widow Mine  
  63  6:11  Refinery, SCV  
  66  6:12  Refinery  
  66  6:13  Marauder  
  66  6:14  Marine x2  
  66  6:16  Marine, SCV  
  72  6:19  Starport Reactor  
  72  6:21  SCV  
  72  6:23  SCV  
  71  6:28  SCV  
  71  6:29  Terran Infantry Weapons Level 1  
  71  6:32  Marine, Terran Infantry Armor Level 1  
  73  6:33  SCV  
  73  6:34  Marine x3  
  73  6:35  SCV  
  78  6:40  SCV  
  78  6:41  Combat Shield  
  78  6:45  SCV  
  78  6:46  Supply Depot  
  80  6:47  SCV  
  80  6:48  Missile Turret  
  80  6:50  Marine, Missile Turret  
  82  6:56  Marauder  
  82  6:57  SCV  
  85  7:07  Marine, Medivac x2, Marauder  
  91  7:09  SCV  
  91  7:11  Orbital Command  
  92  7:17  Marauder  
  92  7:21  SCV, Ghost Academy, Factory Reactor  
  92  7:22  Marine, Barracks  
  95  7:25  Marine, Barracks  
  95  7:29  Marauder  
  99  7:32  Missile Turret  
  99  7:34  SCV  
  99  7:36  Missile Turret  
  98  7:38  Marine  
  98  7:40  Marine  
  98  7:42  Marine  
  100  7:46  SCV  
  100  7:47  Refinery x2  
  101  7:52  Enhanced Shockwaves  
  101  7:53  Supply Depot  
  101  7:56  Marine x2  
  101  7:58  Marine, SCV  
  104  8:00  Marine  
  104  8:02  Supply Depot  
  104  8:03  Widow Mine  
  108  8:11  Widow Mine, SCV  
  106  8:13  Ghost  
  107  8:22  Marine  
  107  8:23  Marine, Ghost  
  107  8:24  SCV  
  112  8:27  Marine x2  
  114  8:35  SCV  
  114  8:36  SCV x2  
  114  8:37  Armory  
  114  8:38  SCV  
  114  8:39  Marine  
  119  8:41  Marine  
  119  8:42  Widow Mine x2, Ghost  
  119  8:46  Barracks Tech Lab, Barracks Reactor  
  119  8:48  SCV  
  127  8:52  Ghost  
  129  8:56  Supply Depot  
  129  8:58  Supply Depot  
  129  8:59  Orbital Command  
  129  9:00  SCV  
  129  9:01  Marine x2  
  132  9:06  SCV x2  
  134  9:12  SCV  
  134  9:14  Ghost x2, Supply Depot x2  
  134  9:15  Supply Depot  
  139  9:24  SCV, Ghost  
  139  9:28  SCV x2  
  139  9:29  SCV  
  145  9:35  Terran Infantry Weapons Level 2  
  145  9:36  SCV  
  146  9:39  Terran Infantry Armor Level 2  
  146  9:40  SCV  
  146  9:41  SCV x2  
  146  9:43  Ghost, Supply Depot  
  146  9:44  Supply Depot  
  151  9:46  Medivac  
  151  9:48  Medivac, SCV  
  156  9:56  Refinery, SCV, Starport  
  156  9:57  Refinery  
  157  10:00  SCV  
  157  10:10  Marauder x2  
  157  10:12  Marauder  
  152  10:16  Viking  
  152  10:18  Viking  
  127  10:31  Marauder  
  127  10:34  Marine, Marauder  
  115  10:36  Marauder  
  115  10:38  Orbital Command  
  115  10:39  Viking x2  
  115  10:42  Marine x3  
  120  10:46  Viking  
  120  10:48  Viking  
  120  10:52  Marine  
  120  10:53  Marauder  
  120  10:55  Marauder  
  114  10:57  Marauder  
  114  11:00  Marine x3  
  111  11:05  SCV  
  111  11:09  Viking  
  111  11:10  Marine  
  115  11:14  Marauder  
  115  11:16  Viking  
  115  11:17  Marauder, SCV  
  115  11:18  Marine x3, Ghost  
  123  11:20  Barracks  
  123  11:23  SCV x2  
  123  11:34  Marine, Ghost  
  123  11:36  Marine x3  
  123  11:38  Marauder  
  117  11:46  Ghost  
  113  11:52  Marine  
  113  11:53  Marine  
  113  11:54  Marine x2  
  104  11:56  Medivac x2  
  104  11:59  SCV x4  
  104  12:00  Marauder  
  111  12:03  Marine  
  107  12:09  Marine  
  107  12:11  Marine x2  
  107  12:12  Marine  
  107  12:13  Liberator  
  107  12:14  Liberator x2  
  100  12:15  SCV x2  
  100  12:16  Marauder, SCV x2  
  100  12:20  Liberator  
  100  12:21  Marauder  
  100  12:22  Marauder  
  94  12:27  Marine, SCV  
  94  12:28  SCV  
  94  12:29  Marine x2  
  93  12:30  Marine  
  93  12:36  Marine  
  98  12:40  SCV x2  
  98  12:42  Marine  
  98  12:43  Marauder  
  105  12:52  SCV x3  
  105  12:55  Barracks Tech Lab  
  105  12:56  Marine x2, Orbital Command  
  105  12:57  Marine  
  105  12:58  Marine  
  112  13:00  Armory  
  113  13:10  Marauder x2  
  113  13:11  Marauder  
  113  13:12  Ghost Academy  
  118  13:14  Marine x2  
  118  13:19  Viking x3  
  125  13:32  Marauder x2  
  116  13:36  Marauder  
  116  13:37  Marine x2  
  109  13:41  Marauder  
  109  13:43  Marine x2  
  109  13:48  Viking  
  106  13:49  Viking x2  
  106  13:53  Marine, Marauder  
  106  13:54  Orbital Command  
  106  13:55  Marine x2  
  113  13:57  SCV  
  113  13:59  SCV  
  113  14:00  SCV  
  102  14:11  Medivac  
  102  14:16  Ghost x2  
  102  14:17  Ghost  
  98  14:18  Medivac, Orbital Command  
  108  14:24  Marine x2  
  108  14:28  Medivac  
  108  14:29  Medivac  
  114  14:31  Marine x2  
  114  14:37  Terran Infantry Weapons Level 3  
  114  14:40  SCV x2  
  114  14:44  Medivac  
  114  14:45  Marine x2  
  119  14:47  Marauder  
  119  14:48  SCV  
  119  14:51  Ghost  
  119  14:52  SCV x2  
  127  14:56  Marauder  
  127  14:58  Marauder  
  131  15:01  SCV  
  131  15:04  Refinery  
  131  15:05  Refinery  
  132  15:08  Marauder  
  132  15:11  SCV x2  
  137  15:17  Orbital Command, Marauder  
  137  15:19  Marauder  
  137  15:21  Marauder  
  143  15:23  Marine  
  141  15:29  Ghost  
  141  15:34  Marine x3  
  143  15:38  Ghost  
  143  15:41  Marine, Marauder, Ghost  
  150  15:43  Viking  
  150  15:44  Viking  
  150  15:45  Viking  
  150  15:49  Supply Depot  
  156  15:52  Supply Depot  
  156  16:03  Ghost x2, Viking  
  162  16:09  Marauder  
  155  16:14  Marauder  
  155  16:18  SCV x3  
  145  16:19  SCV  
  145  16:23  Marine  
  139  16:29  Marine  
  139  16:31  Marauder, SCV  
  139  16:32  Marauder  
  119  16:34  Marine  
  119  16:37  Marine  
  113  16:43  Marauder  
  113  16:46  Marine  
  113  16:47  Marine  
  104  16:51  Marine, Marauder  
  108  16:57  Marine x2  
  108  16:58  Marine  
  108  16:59  Orbital Command  
  108  17:01  SCV x2  
  112  17:06  SCV, Ghost  
  116  17:13  Marauder  
  118  17:16  Marauder  
  118  17:18  Sensor Tower  
  118  17:21  Marauder  
  120  17:34  Marauder, Ghost  
  120  17:36  Refinery x2, Ghost  
  124  17:43  Marine x2, Marauder  
  130  17:44  Terran Ship Weapons Level 1  
  130  17:45  Marine  
  130  17:46  Marine  
  132  17:55  Ghost  
  138  18:00  Marine  
  138  18:03  Ghost  
  138  18:04  Marauder  
  137  18:06  Marauder  
  137  18:08  Personal Cloaking  
  137  18:09  Marine x3  
  142  18:18  Marine  
  143  18:21  Barracks  
  143  18:24  Marauder, Ghost  
  143  18:27  Marine x3, Marauder  
  146  18:32  Marauder  
  155  18:36  Marine  
  154  18:44  Marine  
  154  18:45  Marine x2, Marauder, Viking  
  160  18:48  Marauder  
  160  18:53  Marauder, Ghost  
  160  18:54  Marine  
  160  19:02  Marine  
  140  19:05  Marine  
  140  19:06  Marine, Ghost  
  138  19:10  Marauder  
  138  19:15  Marauder  
  128  19:20  Viking  
  128  19:22  Marauder  
  133  19:31  Marauder  
  133  19:34  Barracks Tech Lab  
  133  19:35  Marauder, Ghost  
  137  19:44  Ghost  
  142  19:49  Viking  
  142  19:51  Viking  
  143  19:55  Missile Turret  
  143  19:58  Missile Turret  
  143  20:01  Ghost  
  143  20:05  Marauder, Orbital Command  
  147  20:08  Ghost  
  147  20:13  Marauder  
  150  20:16  Viking  
  150  20:19  Marauder  
  154  20:26  Marauder  
  156  20:30  Marauder  
  156  20:34  Ghost  
  153  20:37  Marauder  
  153  20:40  Marine x2  
  157  20:46  Marauder  
  157  20:47  Marine, Liberator  
  157  20:49  Marine x2  
  145  20:51  Marauder  
  110  20:58  Marine x3  
  114  21:04  Marauder  
  114  21:11  Marine, Marauder x2  
  119  21:14  Marine  
  119  21:18  Marauder  
  120  21:19  Marine  
  120  21:24  Marauder  
  123  21:27  Marauder  
  123  21:29  Liberator  
  123  21:31  Marine x2  
  123  21:32  Marauder  
  124  21:34  Marauder  
  124  21:35  Marine  
  124  21:38  Marine  
  124  21:39  Marauder  
  128  21:45  Refinery  
  131  21:50  Marauder  
  131  21:53  Marauder  
  135  21:56  Marauder  
  135  21:58  Marine x2  
  135  22:00  Marauder  
  141  22:02  Marine x2  
  139  22:11  Ghost x2  
  135  22:16  Marauder  
  135  22:17  Marauder  
  138  22:28  Marauder  
  138  22:38  Marauder  
  138  22:39  Marauder  
  138  22:40  Marauder  
  138  22:42  Orbital Command  
  134  22:47  Marauder, Liberator  
  134  22:49  Marauder  
  121  22:52  Marine x3  
  121  22:56  Marine  
  125  22:59  Marauder  
  125  23:00  Marauder  
  125  23:01  Marine  
  133  23:06  SCV  
  133  23:07  Marine  
  133  23:10  Marine  
  133  23:11  SCV x3  
  139  23:18  SCV  
  140  23:23  Marauder, SCV x2  
  144  23:32  Marine, Marauder x2  
  144  23:33  Marine  
  148  23:34  Marauder  
  148  23:37  SCV  
  148  23:38  SCV x2  
  148  23:41  Marauder  
  150  23:44  Medivac, Marauder  
  154  23:48  Medivac  
  154  23:53  Marauder x2  
  158  23:56  Marauder  
  158  24:02  Marine x2, Marauder  
  160  24:13  Marauder  
  160  24:15  Marauder  
  151  24:23  Marauder x2  
  151  24:26  SCV  
  151  24:27  SCV x3  
  155  24:34  Ghost x2  
  159  24:38  SCV, Ghost  
  159  24:39  SCV  
  159  24:45  Marauder  
  167  24:46  Marauder  
  167  24:59  Missile Turret  
  166  25:03  Marauder  
  166  25:04  Marauder  
  162  25:17  Marine x2, Marauder  
  162  25:19  Marauder  
  144  25:23  Marine x2  
  144  25:26  Marauder  
Tags
 
Add a new tag
Caveats
  • Supply blocks, unpowered buildings, or Contaminate may cause inaccurate times.
  • Supply counts are checked every 10 seconds.